 Dungeon Crawl Stone Soup version 0.25-a0-1133-g93ebf73 (webtiles) character file.

Game seed: 12829298222769588264, levelgen mode: deterministic

6 thirtiethelement the Skirmisher (level 1, 18/18 HPs)
             Began as a Demonspawn Abyssal Knight on May 22, 2020.
             Was an Initiate of Lugonu.
             Got out of the dungeon alive.
             The game lasted 00:01:26 (337 turns).

thirtiethelement the Skirmisher (DsAK)               Turns: 337, Time: 00:01:27

Health: 18/18      AC:  4    Str: 12      XL:     1   Next: 75%
Magic:  2/2        EV: 11    Int: 12 (13) God:    Lugonu [......]
Gold:   77         SH:  0    Dex: 10      Spells: 0/0 levels left

rFire    . . .     SeeInvis .   a - +1 falchion
rCold    . . .     Gourm    .   (no shield)
rNeg     . . .     Faith    .   b - +0 leather armour
rPois    .         Spirit   .   (no helmet)
rElec    .         Reflect  .   (no cloak)
rCorr    .         Harm     .   h - +0 pair of gloves
MR       .....                  (no boots)
Stlth    +.........             (no amulet)
HPRegen  0.06/turn              (no ring)
MPRegen  0.08/turn              (no ring)

@: no status effects
A: clumsy 1
a: Renounce Religion


You escaped.
You worshipped Lugonu.
Lugonu was noncommittal.
You were not hungry.

You visited 1 branch of the dungeon, and saw 1 of its levels.
You visited the Abyss 1 time.

You collected 77 gold pieces.

Inventory:

Hand Weapons
 a - a +1 falchion (weapon)
Armour
 b - a +0 leather armour (worn)
 h - a +0 pair of gloves (worn)
Scrolls
 d - a scroll of holy word {unknown}
 f - a scroll of fog {unknown}
 i - a scroll of silence {unknown}
 j - 2 scrolls of identify {unknown}
Potions
 e - a potion of brilliance {unknown}
 g - a potion of degeneration {unknown}
Comestibles
 c - a ration


   Skills:
 + Level 3.1 Fighting
 + Level 2.0 Long Blades
 + Level 1.8 Armour
 + Level 0.9 Dodging
 + Level 2.4 Invocations


You couldn't memorise any spells.
You didn't know any spells.
Your spell library was empty.

Dungeon Overview and Level Annotations

Branches:
Dungeon (1/15)

Altars:


Innate Abilities, Weirdness & Mutations

You are clumsy. (Dex -2)


Message History

You hit the dart slug.
You kill the dart slug!
Lugonu accepts your kill.
Your Long Blades skill increases to level 2!
You see here a dart slug corpse.
j - 2 scrolls labeled ECKUUL INEMUME (gained 1)
You now have 77 gold pieces (gained 13).
You open the door.
There is an open door here.
You start resting.
HP restored.
Found an escape hatch in the floor.
There is an escape hatch in the floor here.
There is an escape hatch in the floor here.
There is an open door here.
You see here 24 stones.
You see here a robe.
There is a staircase leading out of the dungeon here.
Are you sure you want to leave the Dungeon?
This will make you lose the game!
You have escaped!

.. ..#....#
#####...#
...####.#(...#
.#
.!......#....#
.............#
.........[...#
..........####
...♣......#
....8.....#
.......@..#
..........#
.............
..........####
##........#
#.###♣..PP #.
..♣≈≈≈ .
.≈≈♣≈≈♣


There were no monsters in sight!

Vanquished Creatures
  A dart slug (D:1)
  A leopard gecko (D:1)
  A hobgoblin (D:1)
3 creatures vanquished.

Notes
Turn   | Place    | Note
-------+----------+-------------------------------------------
     0 | Abyss:1  | thirtiethelement the Demonspawn Abyssal Knight began the
                  | quest for the Orb.
     0 | Abyss:1  | Reached XP level 1. HP: 18/18 MP: 2/2
     6 | Abyss:2  | Found a corrupted altar of Lugonu.
    71 | Abyss:2  | Noticed a smoke demon
    89 | Abyss:2  | Noticed a neqoxec
    92 | Abyss:2  | Gained mutation: You are clumsy. (Dex -2) [a neqoxec]
    95 | Abyss:2  | Noticed a quasit
   114 | Abyss:2  | Noticed a glowing orange brain
   118 | D:1      | Escaped the Abyss
   337 | D:$      | Got out of the dungeon alive.

Illustrated notes

Levels and vault maps discovered:
D:1:      wander_arrival_peaceful_grave, layout_basic, serial_bayou_pond_a,
          wad_floor_pattern_untrapped

Skill      XL: |  1 |
---------------+----+-----
Long Blades    | 2 |  2.0
Fighting       | |  3.1
Armour         | |  1.8
Dodging        | |  0.9
Invocations    | |  2.4

Action                   || total
-------------------------++-------
Melee: Falchion          ||    12
Invok: Depart the Abyss  ||     1
Armor: Leather armour    ||     4
Dodge: Dodged            ||     5
       Rpst.: Falchion   ||     4

Table legend:
 A = Non-vault XP
 B = Vault XP
 C = Vault XP percentage of total XP
 D = Non-vault monster count
 E = Vault monster count
 F = Vault count percentage of total count
                 A         B        C        D         E       F
            +---------+---------+-------+---------+---------+-------
      Total |       9 |       0 |   0.0 |       3 |       0 |   0.0
            +---------+---------+-------+---------+---------+-------
        D:1 |       9 |       0 |   0.0 |       3 |       0 |   0.0
            +---------+---------+-------+---------+---------+-------
